TOP OF THE 1ST |
Chesapeake Continentals batting - Pitching for Asheville Highlanders : RHP Toshiharu Kuhabara
|
Pitching: RHP Toshiharu Kuhabara
|
|
Batting: RHB Marcos Alfaro
|
0-0: Swinging Strike 0-1: Swinging Strike 0-2: Foul Ball, location: 2F 0-2: Strikes out swinging
|
Batting: RHB Dani Durán
|
0-0: Called Strike 0-1: Ball 1-1: Ball 2-1: Foul Ball, location: 2F 2-2: Foul Ball, location: 2F 2-2: Ball 3-2: Foul Ball, location: 2F 3-2: Base on Balls
|
Batting: RHB Rand McNally
|
0-0: Ball 1-0: Ball 2-0: Ball 3-0: Base on Balls Dani Durán to second
|
Batting: RHB Syed Sarkar
|
0-0: Fly out, F5 (Line Drive, 5)
|
Batting: RHB Arturo Scantlebury
|
0-0: Ball 1-0: Foul Ball, location: 2F 1-1: Called Strike 1-2: Ball 2-2: Ball 3-2: Foul Ball, location: 2F 3-2: Base on Balls Dani Durán to third Rand McNally to second
|
Batting: RHB Brian Moring
|
0-0: Fly out, F3 (Popup, 3F)
|
Top of the 1st over - 0 runs, 0 hits, 0 errors, 3 left on base; Chesapeake 0 - Asheville 0 |
BOTTOM OF THE 1ST |
Asheville Highlanders batting - Pitching for Chesapeake Continentals : RHP Obadiah Small
|
Pitching: RHP Obadiah Small
|
|
Batting: RHB Dan Parkinson
|
0-0: SINGLE (Line Drive, 56D)
|
Batting: RHB Víctor Hernández
|
0-0: Fielders Choice at 2nd, 6-4 (Groundball, 6M)
|
Batting: RHB Asko Riikonen
|
0-0: Ball 1-0: Swinging Strike 1-1: Ball 2-1: Ball 3-1: Called Strike 3-2: Foul Ball, location: 2F 3-2: Strikes out swinging Víctor Hernández steals 2nd base Batter strikes out.
|
Batting: LHB Pedro Gutiérrez
|
0-0: Foul Ball, location: 2F 0-1: Ball 1-1: Called Strike 1-2: Ground out 6-3 (Groundball, 6)
|
Bottom of the 1st over - 0 runs, 1 hit, 0 errors, 1 left on base; Chesapeake 0 - Asheville 0 |
TOP OF THE 2ND |
Chesapeake Continentals batting - Pitching for Asheville Highlanders : RHP Toshiharu Kuhabara
|
Batting: RHB Jesús Recesvinto
|
0-0: Ball 1-0: Swinging Strike 1-1: Ball 2-1: Swinging Strike 2-2: Ball 3-2: Foul Ball, location: 2F 3-2: Foul Ball, location: 2F 3-2: Strikes out swinging
|
Batting: RHB Micheal Lovell
|
0-0: Ball 1-0: Called Strike 1-1: Foul Ball, location: 2F 1-2: Strikes out looking
|
Batting: RHB Wes Griffith
|
0-0: Fly out, F9 (Flyball, 9)
|
Top of the 2nd over - 0 runs, 0 hits, 0 errors, 0 left on base; Chesapeake 0 - Asheville 0 |
BOTTOM OF THE 2ND |
Asheville Highlanders batting - Pitching for Chesapeake Continentals : RHP Obadiah Small
|
Batting: RHB Miguel Uribe
|
0-0: Ball 1-0: Swinging Strike 1-1: Foul Ball, location: 2F 1-2: Foul Ball, location: 2F 1-2: SINGLE (Groundball, 4M) (infield hit)
|
Batting: RHB António Canales
|
0-0: Ball Miguel Uribe steals 2nd base 1-0: Ground out U3 (Groundball, 34S) Miguel Uribe to third
|
Batting: RHB Marcos Rico
|
0-0: Called Strike 0-1: SINGLE (Flyball, 89S) Miguel Uribe scores
|
Batting: LHB Tomás Valenzuela
|
0-0: Ball 1-0: Ball 2-0: Ball 3-0: Called Strike 3-1: Fly out, F8 (Flyball, 8LM)
|
Batting: RHB Don Leach
|
0-0: Ball 1-0: Fielders Choice at 2nd, 6-4 (Groundball, 6)
|
Bottom of the 2nd over - 1 run, 2 hits, 0 errors, 1 left on base; Chesapeake 0 - Asheville 1 |
TOP OF THE 3RD |
Chesapeake Continentals batting - Pitching for Asheville Highlanders : RHP Toshiharu Kuhabara
|
Batting: RHB Marcos Alfaro
|
0-0: Ground out 6-3 (Groundball, 6)
|
Batting: RHB Dani Durán
|
0-0: Called Strike 0-1: Swinging Strike 0-2: Strikes out looking
|
Batting: RHB Rand McNally
|
0-0: Foul Ball, location: 2F 0-1: SINGLE (Groundball, 56D)
|
Batting: RHB Syed Sarkar
|
0-0: Swinging Strike 0-1: Swinging Strike 0-2: SINGLE (Flyball, 78M) Rand McNally to second Rand McNally to third
|
Batting: RHB Arturo Scantlebury
|
0-0: Foul Ball, location: 2F 0-1: Called Strike 0-2: Ball 1-2: Strikes out swinging
|
Top of the 3rd over - 0 runs, 2 hits, 0 errors, 2 left on base; Chesapeake 0 - Asheville 1 |
BOTTOM OF THE 3RD |
Asheville Highlanders batting - Pitching for Chesapeake Continentals : RHP Obadiah Small
|
Batting: RHB Dan Parkinson
|
0-0: Ground out 6-3 (Groundball, 6)
|
Batting: RHB Víctor Hernández
|
0-0: Ball 1-0: Fly out, F8 (Line Drive, 8LD)
|
Batting: RHB Asko Riikonen
|
0-0: Ball 1-0: Called Strike 1-1: Foul Ball, location: 2F 1-2: Foul Ball, location: 2F 1-2: Ball 2-2: SINGLE (Groundball, 6MD)
|
Batting: LHB Pedro Gutiérrez
|
0-0: Ball 1-0: Foul Ball, location: 2F 1-1: Ball 2-1: Ball 3-1: SINGLE (Line Drive, 3) Asko Riikonen to second
|
Batting: RHB Miguel Uribe
|
0-0: Ball 1-0: Ball 2-0: Called Strike 2-1: Ball Wild Pitch! Asko Riikonen to third Pedro Gutiérrez to second 3-1: Base on Balls
|
Batting: RHB António Canales
|
0-0: Foul Ball, location: 2F 0-1: Called Strike 0-2: Ball 1-2: Foul Ball, location: 2F 1-2: Ball 2-2: Ball 3-2: Foul Ball, location: 2F 3-2: Base on Balls Asko Riikonen scores Pedro Gutiérrez to third Miguel Uribe to second
|
Batting: RHB Marcos Rico
|
0-0: Swinging Strike 0-1: Called Strike 0-2: Strikes out swinging
|
Bottom of the 3rd over - 1 run, 2 hits, 0 errors, 3 left on base; Chesapeake 0 - Asheville 2 |
TOP OF THE 4TH |
Chesapeake Continentals batting - Pitching for Asheville Highlanders : RHP Toshiharu Kuhabara
|
Batting: RHB Brian Moring
|
0-0: Swinging Strike 0-1: Ball 1-1: Foul Ball, location: 2F 1-2: Ground out 4-3 (Groundball, 4M)
|
Batting: RHB Jesús Recesvinto
|
0-0: Ball 1-0: Ball 2-0: Foul Ball, location: 2F 2-1: Foul Ball, location: 2F 2-2: Strikes out swinging
|
Batting: RHB Micheal Lovell
|
0-0: Ball 1-0: Ground out 6-3 (Groundball, 6)
|
Top of the 4th over - 0 runs, 0 hits, 0 errors, 0 left on base; Chesapeake 0 - Asheville 2 |
BOTTOM OF THE 4TH |
Asheville Highlanders batting - Pitching for Chesapeake Continentals : RHP Obadiah Small
|
Batting: LHB Tomás Valenzuela
|
0-0: Ball 1-0: Ball 2-0: Foul Ball, location: 2F 2-1: Called Strike 2-2: Ball 3-2: Base on Balls
|
Batting: RHB Don Leach
|
0-0: Ball 1-0: Ball 2-0: Called Strike 2-1: Called Strike 2-2: Strikes out looking
|
Batting: RHB Dan Parkinson
|
0-0: Ball 1-0: Ball 2-0: Ball 3-0: Swinging Strike 3-1: Foul Ball, location: 2F 3-2: SINGLE (Line Drive, 6MD) Tomás Valenzuela to second Runner from 2nd tries for 3rd, OUT! Dan Parkinson to second
|
Batting: RHB Víctor Hernández
|
0-0: Foul Ball, location: 2F 0-1: Ball 1-1: Ground out 5-3 (Groundball, 56)
|
Bottom of the 4th over - 0 runs, 1 hit, 0 errors, 1 left on base; Chesapeake 0 - Asheville 2 |
TOP OF THE 5TH |
Chesapeake Continentals batting - Pitching for Asheville Highlanders : RHP Toshiharu Kuhabara
|
Batting: RHB Wes Griffith
|
0-0: Ball 1-0: Swinging Strike 1-1: Called Strike 1-2: Ball 2-2: Strikes out swinging, 2-3 out at first.
|
Batting: RHB Marcos Alfaro
|
0-0: Ball 1-0: Fly out, F8 (Flyball, 8RD)
|
Batting: RHB Dani Durán
|
0-0: Ball 1-0: Ball 2-0: SINGLE (Groundball, P) (infield hit)
|
Batting: RHB Rand McNally
|
0-0: Fly out, F7 (Flyball, 7S)
|
Top of the 5th over - 0 runs, 1 hit, 0 errors, 1 left on base; Chesapeake 0 - Asheville 2 |
BOTTOM OF THE 5TH |
Asheville Highlanders batting - Pitching for Chesapeake Continentals : RHP Obadiah Small
|
Batting: RHB Asko Riikonen
|
0-0: Swinging Strike 0-1: Ball 1-1: Ball 2-1: DOUBLE (Line Drive, 78D)
|
Batting: LHB Pedro Gutiérrez
|
0-0: Called Strike 0-1: Ball 1-1: Foul Ball, location: 2F 1-2: Ball 2-2: Foul Ball, location: 2F 2-2: Foul Ball, location: 2F 2-2: Ball 3-2: Foul Ball, location: 2F 3-2: Ground out 5-3 (Groundball, 56)
|
Batting: RHB Miguel Uribe
|
0-0: Ball 1-0: Ball 2-0: Called Strike 2-1: Swinging Strike 2-2: Ball 3-2: Reached on error, E6 (Groundball, 6) Asko Riikonen to third
|
Batting: RHB António Canales
|
0-0: Called Strike 0-1: Ball 1-1: Ball 2-1: Foul Ball, location: 2F 2-2: Fielders Choice at 2nd, 1-6 (Groundball, 13S)
|
Pitching: RHP Ed Cartmell
|
|
Batting: RHB Marcos Rico
|
0-0: Ball 1-0: Ball 2-0: Called Strike 2-1: Ball 3-1: Base on Balls António Canales to second
|
Batting: LHB Tomás Valenzuela
|
0-0: Swinging Strike 0-1: Ball 1-1: Ball 2-1: Foul Ball, location: 2F 2-2: Fly out, F3 (Line Drive, 34S)
|
Bottom of the 5th over - 0 runs, 1 hit, 1 error, 3 left on base; Chesapeake 0 - Asheville 2 |
TOP OF THE 6TH |
Chesapeake Continentals batting - Pitching for Asheville Highlanders : RHP Toshiharu Kuhabara
|
Batting: RHB Syed Sarkar
|
0-0: Ball 1-0: Ground out 5-3 (Groundball, 56)
|
Batting: RHB Arturo Scantlebury
|
0-0: Ground out 3-1 (Groundball, 34S)
|
Batting: RHB Brian Moring
|
0-0: Fly out, F9 (Line Drive, 9)
|
Top of the 6th over - 0 runs, 0 hits, 0 errors, 0 left on base; Chesapeake 0 - Asheville 2 |
BOTTOM OF THE 6TH |
Asheville Highlanders batting - Pitching for Chesapeake Continentals : RHP Ed Cartmell
|
Batting: RHB Don Leach
|
0-0: Ground out 4-3 (Groundball, 4)
|
Batting: RHB Dan Parkinson
|
0-0: Called Strike 0-1: Called Strike 0-2: Strikes out swinging
|
Batting: RHB Víctor Hernández
|
0-0: DOUBLE (Line Drive, 7LD)
|
Batting: RHB Asko Riikonen
|
0-0: Foul Ball, location: 2F 0-1: Fly out, F4 (Flyball, 4D)
|
Bottom of the 6th over - 0 runs, 1 hit, 0 errors, 1 left on base; Chesapeake 0 - Asheville 2 |
TOP OF THE 7TH |
Chesapeake Continentals batting - Pitching for Asheville Highlanders : RHP Toshiharu Kuhabara
|
Batting: RHB Jesús Recesvinto
|
0-0: Ball 1-0: Ball 2-0: Called Strike 2-1: Foul Ball, location: 2F 2-2: Ball 3-2: Foul Ball, location: 2F 3-2: Base on Balls
|
Batting: RHB Micheal Lovell
|
0-0: Ball 1-0: Bunt - Flyout! F1
|
Batting: RHB Wes Griffith
|
0-0: SINGLE (Flyball, 89M) Jesús Recesvinto to second
|
Pinch Hitting: LHB Ángel Pineda
|
0-0: Ball 1-0: Called Strike 1-1: Ball 2-1: SINGLE (Groundball, 56D) Jesús Recesvinto to third Wes Griffith to second Runner from 3rd tries for Home, SAFE, no throw
|
Pitching: RHP Augusto Deleón
|
|
Pinch Hitting: RHB Alejandro Pérez
|
0-0: Swinging Strike 0-1: Ball 1-1: Foul Ball, location: 2F 1-2: Foul Ball, location: 2F 1-2: Foul Ball, location: 2F 1-2: Ball 2-2: Ball 3-2: Base on Balls Wes Griffith to third Ángel Pineda to second
|
Batting: RHB Rand McNally
|
0-0: Fly out, F8 (Flyball, 8LS) Runner from 3rd tags up, SCORES, no throw
|
Batting: RHB Syed Sarkar
|
0-0: Ball 1-0: Called Strike 1-1: Called Strike 1-2: Strikes out looking
|
Top of the 7th over - 2 runs, 2 hits, 0 errors, 2 left on base; Chesapeake 2 - Asheville 2 |
BOTTOM OF THE 7TH |
Asheville Highlanders batting - Pitching for Chesapeake Continentals : RHP Ed Cartmell
|
Now at SS: Alejandro Pérez
|
|
Now in LF: Ángel Pineda
|
|
Batting: LHB Pedro Gutiérrez
|
0-0: Ball 1-0: Ball 2-0: Ball 3-0: Called Strike 3-1: Ground out 4-3 (Groundball, 4)
|
Batting: RHB Miguel Uribe
|
0-0: Called Strike 0-1: Foul Ball, location: 2F 0-2: Strikes out swinging
|
Batting: RHB António Canales
|
0-0: Foul Ball, location: 2F 0-1: Swinging Strike 0-2: Ball 1-2: Strikes out swinging
|
Bottom of the 7th over - 0 runs, 0 hits, 0 errors, 0 left on base; Chesapeake 2 - Asheville 2 |
TOP OF THE 8TH |
Chesapeake Continentals batting - Pitching for Asheville Highlanders : RHP Augusto Deleón
|
Batting: RHB Arturo Scantlebury
|
0-0: Single, Error in OF, E7, batter to second base
|
Batting: RHB Brian Moring
|
0-0: Ball 1-0: Fly out, F2 (Popup, 2L)
|
Batting: RHB Jesús Recesvinto
|
0-0: Foul Ball, location: 2F 0-1: Called Strike 0-2: Ball 1-2: Ball 2-2: Ball 3-2: Strikes out swinging
|
Pinch Hitting: SHB Holden Nolan
|
0-0: Swinging Strike 0-1: SINGLE (Groundball, 34D) Arturo Scantlebury to third Runner from 3rd tries for Home, SAFE, throw made home
|
Pinch Hitting: RHB Seth Rollins
|
0-0: Called Strike 0-1: Ball 1-1: Called Strike Holden Nolan steals 2nd base 1-2: Foul Ball, location: 2F 1-2: Foul Ball, location: 2F 1-2: Ball 2-2: Ball 3-2: 2-RUN HOME RUN (Flyball, 7D), Distance : 401 ft
|
Pitching: LHP Ordono Lima
|
|
Batting: LHB Ángel Pineda
|
0-0: Ball 1-0: Foul Ball, location: 2F 1-1: Ball 2-1: Ball 3-1: Base on Balls
|
Batting: RHB Alejandro Pérez
|
0-0: Ball 1-0: Foul Ball, location: 2F 1-1: Ball 2-1: Fly out, F9 (Flyball, 9D)
|
Top of the 8th over - 3 runs, 3 hits, 1 error, 1 left on base; Chesapeake 5 - Asheville 2 |
BOTTOM OF THE 8TH |
Asheville Highlanders batting - Pitching for Chesapeake Continentals : RHP Ed Cartmell
|
Now at 3B: Alberto Esquivel
|
|
Now at SS: Holden Nolan
|
|
Batting: RHB Marcos Rico
|
0-0: Foul Ball, location: 2F 0-1: Reached on error, E1 (Groundball, 15S)
|
Batting: LHB Tomás Valenzuela
|
0-0: Called Strike 0-1: Ball 1-1: Foul Ball, location: 2F 1-2: Foul Ball, location: 2F 1-2: Ground out 4-3 (Groundball, 4M) Marcos Rico to third
|
Batting: RHB Don Leach
|
0-0: Ball 1-0: Fly out, F9 (Flyball, 89M) Runner from 3rd tags up, OUT at HOME
|
Bottom of the 8th over - 0 runs, 0 hits, 1 error, 0 left on base; Chesapeake 5 - Asheville 2 |
TOP OF THE 9TH |
Chesapeake Continentals batting - Pitching for Asheville Highlanders : LHP Ordono Lima
|
Batting: RHB Rand McNally
|
0-0: Ball 1-0: Swinging Strike 1-1: Called Strike 1-2: Ball 2-2: Ball 3-2: Foul Ball, location: 2F 3-2: Foul Ball, location: 2F 3-2: Foul Ball, location: 2F 3-2: Base on Balls
|
Batting: RHB Syed Sarkar
|
0-0: Ball Passed Ball! Rand McNally to second 1-0: Ball 2-0: Foul Ball, location: 2F 2-1: Ball 3-1: Called Strike 3-2: Foul Ball, location: 2F 3-2: Strikes out swinging
|
Batting: RHB Arturo Scantlebury
|
0-0: Intentional Walk
|
Batting: RHB Brian Moring
|
0-0: Foul Ball, location: 2F 0-1: Ball 1-1: Fly out, F7 (Flyball, 78D)
|
Batting: RHB Jesús Recesvinto
|
0-0: Ball 1-0: Swinging Strike 1-1: Ball 2-1: Foul Ball, location: 2F 2-2: Strikes out looking
|
Top of the 9th over - 0 runs, 0 hits, 0 errors, 2 left on base; Chesapeake 5 - Asheville 2 |
|